 Dungeon Crawl Stone Soup version 0.27.1-33-g824d729ab1 (webtiles) character file.

Game seed: 14163375799191624801

11 pkoi the Magician (level 2, -2/20 HPs)
             Began as a Draconian Hedge Wizard on Dec 2, 2021.
             Slain by a hobgoblin (3 damage)
             ... on level 1 of the Dungeon.
             The game lasted 00:00:42 (539 turns).

pkoi the Magician (Draconian Hedge Wizard)           Turns: 539, Time: 00:00:43

Health: -2/20      AC:  4    Str: 12    XL:     2   Next: 17%
Magic:  6/6        EV: 12    Int: 14    God:
Gold:   40         SH:  0    Dex: 10    Spells: 2/7 levels left

rFire    . . .     SeeInvis .   a - +0 dagger
rCold    . . .     Faith    .   (no shield)
rNeg     . . .     Spirit   .   (armour unavailable)
rPois    .         Reflect  .   b - +0 hat
rElec    .         Harm     .   (no cloak)
rCorr    .         Rampage  .   (no gloves)
Will     .....                  (no boots)
Stlth    ++........             (no amulet)
HPRegen  0.06/turn              (no ring)
MPRegen  0.10/turn              (no ring)

@: no status effects
A: AC +4, unfitting armour, cold-blooded
a: no special abilities


You were on level 1 of the Dungeon.
You visited 1 branch of the dungeon, and saw 1 of its levels.

You collected 40 gold pieces.

Inventory:

Hand Weapons
 a - a +0 dagger (weapon)
Armour
 b - a +0 hat (worn)
Scrolls
 c - a scroll of amnesia {unknown}


   Skills:
 - Level 1.7 Dodging
 - Level 1.7 Stealth
 + Level 1.2 Unarmed Combat
 - Level 3.0 Spellcasting
 - Level 1.0 Conjurations
 + Level 1.7 Summonings
 - Level 1.0 Translocations


You had 2 spell levels left.
You knew the following spells:

 Your Spells              Type           Power      Damage    Failure   Level
a - Magic Dart            Conj           16%        1d3       14%         1
b - Call Imp              Summ           6%         N/A       16%         2
c - Blink                 Tloc           N/A        N/A       22%         2

Your spell library contained the following spells:

 Spells                   Type           Power      Damage    Failure   Level
 Slow                     Hex            2%         N/A       32%         2
 Conjure Flame            Conj/Fire      3%         6-21      45%         3
 Mephitic Cloud           Conj/Pois/Air  3%         N/A       50%         3


Dungeon Overview and Level Annotations

Branches:
Dungeon (1/15)

Altars:

Shops:
D:1 (


Innate Abilities, Weirdness & Mutations

Your plain brown scales are hard. (AC +4)
You cannot fit into any form of body armour.
You are cold-blooded and may be slowed by cold attacks.


Message History

You are too injured to fight recklessly!
You are too injured to fight recklessly!
You are too injured to fight recklessly!
You are too injured to fight recklessly!
A goblin comes into view.
It is wielding a +4 dagger of electrocution.
A kobold comes into view. It is wielding a +0 short sword.
The endoplasm barely misses you.
The kobold shouts!
You hit the endoplasm but do no damage. You hit the endoplasm but do no damage.
The endoplasm freezes you.
You are frozen.
* * * LOW HITPOINT WARNING * * *
You hit the endoplasm but do no damage. The endoplasm freezes you.
You are frozen.
* * * LOW HITPOINT WARNING * * *
You hit the endoplasm.
The endoplasm is heavily wounded.
The endoplasm freezes you.
You are frozen.
* * * LOW HITPOINT WARNING * * *
You hit the endoplasm. You punch the endoplasm.
You kill the endoplasm!
You closely miss the hobgoblin.
The hobgoblin is moderately wounded.
The hobgoblin hits you.
* * * LOW HITPOINT WARNING * * *
You closely miss the hobgoblin.
The hobgoblin is moderately wounded.
The hobgoblin hits you.
* * * LOW HITPOINT WARNING * * *
You closely miss the hobgoblin.
The hobgoblin is moderately wounded.
The hobgoblin hits you.
* * * LOW HITPOINT WARNING * * *
You hit the hobgoblin but do no damage.
The hobgoblin is moderately wounded.
The hobgoblin hits you.
You die...

...†........# #....# #.#
#########..#####.##.# #.#
#.........##.##.# #.#
#.........##.##.# #.# ###
#.........##[##.# #.#
..###.........##.##.# #.#
.........#+#####.##.# #.#
.........# #.##.# #.# ........(#
#@##.###########.# #........##
#g##.............#
#.....†..##..###K################
#........# #....g# #........#
#.....# #........# #.....#
#........# #..##.# ..............
... .............. ....


You could see a hobgoblin, a goblin and a kobold.

Vanquished Creatures
  3 endoplasms (D:1)
  2 giant cockroaches (D:1)
  A hobgoblin (D:1)
  2 bats (D:1)
  A frilled lizard (D:1)
  2 rats (D:1)
11 creatures vanquished.

Notes
Turn   | Place    | Note
-------+----------+-------------------------------------------
     0 | D:1      | pkoi the Draconian Hedge Wizard began the quest for the
                  | Orb.
     0 | D:1      | Reached XP level 1. HP: 14/14 MP: 4/4
    96 | D:1      | Reached skill level 1 in Unarmed Combat
   286 | D:1      | Reached XP level 2. HP: 15/20 MP: 0/6
   397 | D:1      | Found Kiumi's Weapon Shop.
   408 | D:1      | Learned a level 2 spell: Call Imp
   411 | D:1      | Learned a level 2 spell: Blink
   538 | D:1      | HP: 1/20 [hobgoblin (1)]
   539 | D:1      | Slain by a hobgoblin

Illustrated notes

Levels and vault maps discovered:
D:1:      tarquinn_simple_flora_water_c, layout_basic, serial_shops, shop,
          minmay_bisected

Skill      XL: |  1 |
---------------+----+-----
Unarmed Combat | 1 |  1.2
Dodging        | |  1.7
Stealth        | |  1.7
Spellcasting   | |  3.0
Conjurations   | |  1.0
Summonings     | |  1.7
Translocations | |  1.0

Action                   || total
-------------------------++-------
Melee: Dagger            ||    49
       Tailslap          ||     3
       Punch             ||     1
 Cast: Magic Dart        ||     5
 Stab: Sleeping          ||     1
Armor: Skin              ||    24
Dodge: Dodged            ||    37
